 Dungeon Crawl Stone Soup version bcrawl-1.21.3-16-g7f46a08de7 (webtiles) character file.

Game seed: 5432882941999673826

589765 Quickbrownfox the Slayer (level 26, -10/222 HPs)
             Began as a Demonspawn Archaeologist on Apr 27, 2020.
             Was an Elder of Cheibriados.
             Mangled by a juggernaut (12 damage)
             ... on level 4 of the Depths on Apr 28, 2020.
             The game lasted 05:08:05 (44449 turns).

Quickbrownfox the Slayer (DsAc)                    Turns: 44449, Time: 05:08:05

Health: -10/222    AC: 35    Str: 33    XL:     26   Next: 18%
Magic:  0/36       EV: 22    Int: 29    God:    Cheibriados [****..]
Gold:   2320       SH: 20    Dex: 30    Spells: 19/44 levels left

rFire    + + +     SeeInvis +   F - +12 trident of Keetaduh {protect, *Rage rF+++ rC++ Int+3}
rCold    + + +     Gourm    .   X - +3 medium shield {reflect}
rNeg     . . .     Faith    .   z - +0 plate armour of Ohaalik {rC- MR+++ Regen+ Dex+2}
rPois    +         Spirit   +   (helmet unavailable)
rElec    .         Reflect  +   d - +2 cloak of the Thief {+Fog Slay-2 SInv Stlth+}
rCorr    .         Harm     .   u - +2 pair of gloves
MR       ++++.     Clarity  +   H - +2 pair of boots
Stlth    +.........             W - amulet of regeneration
HPRegen  2.27/turn              r - ring "Tired" {Str+4 Dex+2 Slay+3 SInv}
MPRegen  0.50/turn              L - ring of Lucidity {rF++ EV+3}

@: protection aura, regenerating, very slow
A: horns 3, slimy green scales 3, blink, clarity, cold resistance 2, fire
resistance 1, hurl hellfire, spiny 3, magic shield, magic regeneration, magic
link, flame cloud immunity
}: 3/15 runes: serpentine, barnacled, silver
a: Hurl Hellfire, Blink, Bend Time, Temporal Distortion, Slouch, Renounce
Religion, Evoke Fog


You were on level 4 of the Depths.
You worshipped Cheibriados.
Cheibriados was greatly pleased with you.
You were not hungry.

You visited 10 branches of the dungeon, and saw 39 of its levels.
You visited the Abyss 1 time.
You also visited: Sewer, Ossuary and Desolation.

You collected 7996 gold pieces.
You spent 5676 gold pieces at shops.

Inventory:

Hand Weapons
 f - the +3 sling "Punk" {acid, rCorr}
   (You acquired it on level 3 of the Dungeon)

   It provides partial protection from all sources of acid and corrosion.
 l - a +8 hunting sling of venom
 q - the +7 sceptre of Torment {pain, torment}
   (You bought it in a shop in the Orcish Mines)

   In the hands of one skilled in necromantic magic, it inflicts extra damage on
   living creatures.
 F - the +12 trident of Keetaduh (weapon) {protect, *Rage rF+++ rC++ Int+3}
   (You found it on level 5 of the Lair of Beasts)

   It grants its wielder temporary protection when it strikes (+7 to AC).
   It affects your intelligence (+3).
   It renders you almost immune to fire.
   It greatly protects you from cold.
   It may make you go berserk in combat.
Missiles
 o - 2161 sling bullets
Armour
 d - the +2 cloak of the Thief (worn) {+Fog Slay-2 SInv Stlth+}
   (You found it on level 1 of the Snake Pit)

   It affects your accuracy and damage with ranged weapons and melee attacks
   (-2).
   It lets you see invisible.
   It makes you more stealthy.
 u - a +2 pair of gloves (worn)
 z - the +0 plate armour of Ohaalik (worn) {rC- MR+++ Regen+ Dex+2}
   (You took it off an orc warrior on level 6 of the Dungeon)

   It affects your dexterity (+2).
   It makes you vulnerable to cold.
   It affects your resistance to hostile enchantments.
   It increases your rate of regeneration.
 G - the +0 medium shield of the King of the Hill {rN+ MR+ Regen+}
   (You found it on level 3 of the Snake Pit)

   It protects you from negative energy.
   It affects your resistance to hostile enchantments.
   It increases your rate of regeneration.
 H - a +2 pair of boots (worn)
 X - a +3 medium shield of reflection (worn)
 Y - the +1 leather armour of Mahut {+Inv rElec rF- Slay+4}
   (You found it on level 1 of the Abyss)

   It affects your accuracy and damage with ranged weapons and melee attacks
   (+4).
   It makes you vulnerable to fire.
   It insulates you from electricity.
   It lets you turn invisible.
Jewellery
 a - the ring "Qeulua" {+Fly rElec Int+3}
   (You took it off a deep elf death mage on level 3 of the Elven Halls)

   [ring of flight]

   It affects your intelligence (+3).
   It insulates you from electricity.
   It lets you fly.
 r - the ring "Tired" (left hand) {Str+4 Dex+2 Slay+3 SInv}
   (You acquired it on level 1 of the Snake Pit)

   [ring of see invisible]

   It affects your strength (+4).
   It affects your dexterity (+2).
   It affects your accuracy and damage with ranged weapons and melee attacks
   (+3).
   It lets you see invisible.
 D - the ring "Zubymm" {rElec rPois MR+ Int-4 SInv}
   (You took it off a vault guard on level 3 of the Vaults)

   [ring of insulation]

   It affects your intelligence (-4).
   It insulates you from electricity.
   It protects you from poison.
   It affects your resistance to hostile enchantments.
   It lets you see invisible.
 L - the ring of Lucidity (right hand) {rF++ EV+3}
   (You acquired it on level 1 of the Vaults)

   [ring of evasion]

   It affects your evasion (+3).
   It greatly protects you from fire.
 R - a ring of the Octopus King {Wiz AC+1 EV+1 Str+1 Int+1 Dex+1}
   (You found it on level 3 of the Elven Halls)

   [ring of wizardry]

   It improves your spell success rate.
   It affects your AC (+1).
   It affects your evasion (+1).
   It affects your strength (+1).
   It affects your intelligence (+1).
   It affects your dexterity (+1).
 W - an amulet of regeneration (around neck)
Wands
 c - a wand of scattershot (6)
 E - a wand of enslavement (10)
 I - a wand of digging (34)
 N - a wand of disintegration (75)
 Z - a wand of iceblast (38)
Scrolls
 g - 4 scrolls of magic mapping
 h - a scroll of amnesia
 i - 3 scrolls of silence
 j - 3 scrolls of immolation
 k - 6 scrolls of fear
 p - 20 scrolls of teleportation
 t - 36 scrolls of remove curse
 w - 3 scrolls of enchant armour
 B - 7 scrolls of fog
 J - 2 scrolls of blinking
 U - 3 scrolls of brand weapon
Potions
 b - 2 potions of resistance
 m - a potion of invisibility
 n - 7 potions of mutation
 s - 2 potions of magic
 x - 9 potions of curing
 A - 8 potions of might
 C - 5 potions of cancellation
 O - 5 potions of flight
 P - 2 potions of brilliance
 S - a potion of agility
Miscellaneous
 v - a phial of floods
 M - a lamp of fire
 Q - a phantom mirror
Comestibles
 e - 66 rations {!d}


   Skills:
 + Level 21.2 Fighting
   Level 0.2 Short Blades
 + Level 6.9 Maces & Flails
 + Level 13.0 Polearms
 + Level 19.4 Slings
 + Level 0.7(13.1) Throwing
 + Level 9.3 Armour
 + Level 11.3 Dodging
 + Level 7.1 Stealth
 + Level 14.5 Shields
 + Level 9.6 Spellcasting
 + Level 7.2 Conjurations
 + Level 7.4 Hexes
 + Level 0.6 Charms
   Level 1.0 Summonings
 + Level 6.4 Necromancy
 + Level 1.8 Translocations
 + Level 10.2 Fire Magic
 + Level 4.3 Ice Magic
 + Level 0.9 Earth Magic
 + Level 10.1 Invocations
 + Level 12.9 Evocations


You had 19 spell levels left.
You knew the following spells:

 Your Spells              Type           Power        Failure   Level  Hunger
a - Dazzling Spray        Conj/Hex       ######       3%          3    None
b - Confuse               Hex            ######..     3%          3    None
c - Metabolic Englaciati  Hex/Ice        #####.....   54%         5    ###....
d - Fireball              Conj/Fire      ######....   21%         5    ###....
e - Bolt of Magma         Conj/Fire/Erth #####.....   50%         5    ###....
f - Apportation           Tloc           ###...       12%         1    None
g - Regeneration          Chrm/Necr      ####......   19%         3    None

Your spell library contained the following spells:

 Spells                   Type           Power        Failure   Level  Hunger
 Corona                   Hex            ######.      1%          1    None
 Magic Dart               Conj           ####         1%          1    None
 Slow                     Hex            ######..     1%          1    None
 Searing Ray              Conj           ######..     1%          2    None
 Shackle                  Hex            ######..     1%          2    None
 Throw Frost              Conj/Ice       #####.       1%          2    None
 Inner Flame              Hex/Fire       N/A          1%          3    None
 Corpse Rot               Necr           N/A          2%          2    None
 Sublimation of Blood     Necr           ######....   2%          2    None
 Ensorcelled Hibernation  Hex/Ice        #####.       3%          2    None
 Tukima's Dance           Hex            ######..     3%          3    None
 Freeze                   Ice            #####.       4%          1    None
 Iskenderun's Mystic Bla  Conj           ######..     4%          3    None
 Vampiric Draining        Necr           ######....   5%          3    None
 Cause Fear               Hex            ######....   12%         4    None
 Fulminant Prism          Conj/Hex       ######....   12%         4    None
 False Image              Hex/Summ       #####...     14%         3    None
 Spectral Weapon          Hex/Chrm       #####...     14%         3    None
 Stone Arrow              Conj/Erth      #####.       14%         3    None
 Sandblast                Erth           ###...       17%         1    None
 Summon Butterflies       Summ           ###.....     17%         1    None
 Summon Small Mammal      Summ           ###.         17%         1    None
 Ignite Poison            Fire/Tmut/Pois ####....     19%         3    None
 Animate Dead             Necr           N/A          19%         4    None
 Infusion                 Chrm           ###.....     21%         1    None
 Throw Icicle             Conj/Ice       #####...     24%         4    None
 Beastly Appendage        Tmut           ##....       26%         1    None
 Call Imp                 Summ           ###...       26%         2    None
 Mephitic Cloud           Conj/Pois/Air  ####....     28%         3    None
 Ozocubu's Armour         Chrm/Ice       ####....     28%         3    None
 Song of Slaying          Chrm           ###.....     30%         2    None
 Passwall                 Tmut/Erth      ###.....     32%         2    None
 Teleport Other           Tloc           ###.....     34%         3    None
 Sticks to Snakes         Tmut           ##......     36%         2    None
 Recall                   Summ/Tloc      N/A          38%         3    None
 Bolt of Draining         Conj/Necr      ######....   38%         5    ###....
 Call Canine Familiar     Summ           ###.....     45%         3    None
 Agony                    Necr           ######..     45%         5    ###....
 Dispel Undead            Necr           ######..     45%         5    ###....
 Yara's Violent Unravell  Hex/Tmut       #####.....   50%         4    None
 Spider Form              Tmut/Pois      ##.          61%         3    None
 Summon Ice Beast         Ice/Summ       ####....     63%         4    None
 Ice Form                 Ice/Tmut       ####....     71%         4    None
 Bolt of Fire             Conj/Fire      ######....   73%         6    #####..
 Summon Mana Viper        Hex/Summ       #####...     77%         5    ###....
 Iskenderun's Battlesphe  Conj/Chrm      #####...     80%         5    ###....
 Silence                  Hex/Air        #####.....   83%         5    ###....
 Irradiate                Conj/Tmut      #####.....   85%         5    ###....
 Darkness                 Hex            ######....   88%         6    #####..
 Petrify                  Tmut/Erth      ###.....     91%         4    None
 Olgreb's Toxic Radiance  Pois           ##......     95%         4    None
 Summon Forest            Summ/Tloc      ###.......   98%         5    ###....
 Lee's Rapid Deconstruct  Erth           ###.......   99%         5    ###....
 Piercing Shot            Chrm           ###.......   99%         5    ###....
 Summon Demon             Summ           ###.......   99%         5    ###....
 Summon Lightning Spire   Summ/Air       ###.....     99%         5    ###....
 Simulacrum               Ice/Necr       #####.....   99%         6    #####..
 Steam Barrier            Chrm/Fire      #####.....   99%         6    #####..
 Blade Hands              Tmut           ##........   100%        5    ###....
 Borgnjor's Vile Clutch   Necr/Erth      #####.....   100%        6    #####..
 Death Channel            Chrm/Necr      ####......   100%        6    #####..
 Deflect Missiles         Chrm/Air       ###.......   100%        6    #####..
 Infestation              Hex/Tmut/Pois  ####.....    100%        6    #####..
 Iron Shot                Conj/Erth      #####.....   100%        6    #####..
 Ozocubu's Refrigeration  Ice            #####.....   100%        6    #####..
 Poison Arrow             Conj/Pois      #####.....   100%        6    #####..
 Shadow Creatures         Summ           N/A          100%        6    #####..
 Statue Form              Tmut/Erth      ###......    100%        6    #####..
 Summon Hydra             Summ           ###.......   100%        6    #####..
 Mana Rupture             Conj/Hex       ######....   100%        7    ######.
 Monstrous Menagerie      Summ           ###.......   100%        7    ######.
 Orb of Destruction       Conj           ######....   100%        7    ######.
 Spellforged Servitor     Conj/Summ      #####.....   100%        7    ######.
 Discord                  Hex            ######....   100%        8    #######
 Ignition                 Fire           ######....   100%        8    #######
 Necromutation            Tmut/Necr      ####....     100%        8    #######
 Time Stop                Chrm/Tloc      N/A          100%        8    #######
 Dragon's Call            Summ           ###.......   100%        9    #######
 Shatter                  Erth           ###.......   100%        9    #######


Dungeon Overview and Level Annotations

Branches:
Dungeon (12/12)            Temple (1/1) D:5            Lair (6/6) D:8
 Shoals (3/3) Lair:4        Snake (3/3) Lair:2        Slime (0/5) Lair:6
    Orc (1/1) D:8             Elf (3/3) Orc          Vaults (3/3) D:11
  Crypt (2/2) Vaults:2       Tomb (0/3) Crypt:2      Depths (5/5) D:12
    Zot: Depths:5

Altars:
Ashenzari
Cheibriados
Dithmenos
Elyvilon
Fedhas
Gozag
Hepliaklqana
Kikubaaqudgha
Lugonu
Makhleb
Nemelex Xobeh
Okawaru
Qazlal
Ru
Sif Muna
Trog
Uskayaw
Vehumet
Wu Jian
Xom
Yredelemnul
Zin
The Shining One
Beogh
Jiyva

Shops:
D:11 (   Orc !%([(?==*   Snake:1 ?=%   Snake:3 *   Vaults:2 :

Portals:
Hell: Depths:1 Depths:2 Depths:3 Depths:4
Abyss: Depths:4
Pandemonium: Depths:1 Depths:2 Depths:3
Trove: Elf:2 (give horn of Geryon)

Annotations:
Lair:1 2 transporters, yrara's ghost, journeyman DsFi
Shoals:2 1 runed translucent door, Wecaes's ghost, journeyman HOFE
Depths:2 3 runed translucent doors
Depths:3 2 transporters, Aqoyvva's ghost, veteran MiBe
Depths:4 3 runed doors


Innate Abilities, Weirdness & Mutations

You have a pair of large horns on your head.
You are completely covered in slimy green scales. (AC +4, rPois)
Your flesh is heat resistant. (rF+)
You can hurl hellfire.
You are completely covered in sharp spines.
When hurt, damage is shared between your health and your magic reserves.
You regenerate magic rapidly.
When low on magic, you restore magic in place of health.
You are immune to clouds of flame.
You can translocate small distances at will.
You possess an exceptional clarity of mind.
Your flesh is very cold resistant. (rC++)


Message History

The juggernaut is severely wounded.
You hit the juggernaut but do no damage.
You headbutt the juggernaut, but do no damage.
The juggernaut is severely wounded.
You block the juggernaut's attack.
The juggernaut hits you but does no damage.
The spark wasp bursts into living lightning!
The living lightning misses you.
The spark wasp blinks!
You can feel time thicken for a moment.
You kill the spark wasp!
Cheibriados thoroughly appreciates the change of pace.
You feel somewhat more hungry.
You can no longer step out of the time flow.
Cheibriados lowers the support of your attributes as your movement quickens.
You hit the juggernaut but do no damage.
The juggernaut is almost dead.
The juggernaut hits you!!!
* * * LOW HITPOINT WARNING * * *
You hold your ground!
The juggernaut hits you!
You die...

#.#.#∩##.........................
########....#...).......##.......
#######.....#..........###.......
#.#.#∩#.................##.......
......#......#...........#.......
...####......#......#............
..##..............#.......##.....
.##.###........[.##.......###....
##..##.........(@..........##....
#..........<...C.[....#..##......
#........................###.....
#.......................####.....
##.......................##......
.#...#...................##......
................T.....##.##.[....
#..................(.###.##......
#......#####.........###.........


You could see a juggernaut and a deep troll shaman.

Vanquished Creatures
  A juggernaut (Depths:4)
  Mara (Depths:1)
  4 ancient liches
  Mennas (Crypt:1)
  Sojobo (Depths:1)
  2 Killer Klowns
  3 golden dragons
  Bai Suzhen (Depths:2)
  Saint Roka (Orc)
  Frederick (Depths:1)
  8 caustic shrikes
  2 bone dragons (Crypt:2)
  Rupert (Lair:3)
  2 titans (Vaults:3)
  3 liches
  3 deep elf blademasters (Elf:3)
  3 tentacled monstrosities
  3 deep elf master archers (Elf:3)
  6 ancient champions
  2 tentacled starspawn (Abyss:1)
  7 sphinxes
  4 storm dragons
  3 shadow dragons
  10 nagarajas
  10 tengu reavers
  3 revenants
  16 frost giants
  6 iron dragons
  Donald (Shoals:2)
  9 fire giants
  An orc warlord (Orc)
  11 vault wardens
  Louise (Depths:4)
  Aizul (Snake:2)
  19 stone giants
  A curse skull (Crypt:2)
  An angel (Abyss:1)
  3 ghouls
  6 spriggan defenders
  8 deep elf sorcerers
  15 ironheart preservers
  3 war gargoyles (Vaults:3)
  An entropy weaver (Vaults:2)
  A deep elf elementalist (Elf:3)
  A juggernaut skeleton (Vaults:2)
  A reaper (Abyss:2)
  13 very ugly things
  A vampire knight (Crypt:2)
  4 deep elf demonologists
  7 deep elf annihilators
  9 spark wasps
  10 deep elf death magi
  A spark wasp (shapeshifter) (Depths:2)
  2 blizzard demons
  The ghost of Siddir the Blocker, a journeyman MiBe of Trog (Snake:2)
  4 eidola
  12 ettins
  7 merfolk javelineers
  13 fire dragons
  An ettin (shapeshifter) (Vaults:3)
  2 crystal guardians (Vaults:3)
  A mummy priest (Crypt:2)
  4 jiangshi (Crypt:1)
  28 vault guards
  4 great orbs of eyes
  9 yaktaur captains
  9 merfolk impalers
  2 deep elf high priests (Elf:3)
  6 rakshasas
  6 ice dragons
  3 spriggan air magi
  Erolcha (D:12)
  A ragged hierophant (Elf:1)
  A monstrous demonspawn (Depths:3)
  14 hydras
  A hell beast (Elf:2)
  An ice dragon (shapeshifter) (Depths:1)
  12 centaur warriors
  Psyche (D:11)
  15 naga warriors
  3 merfolk aquamancers
  14 two-headed ogres
  5 merfolk avatars
  10 anacondas
  An alligator snapping turtle (Shoals:2)
  The ghost of chipmonk the Basher, a novice MiBe of Trog (D:8)
  A catoblepas (Lair:6)
  15 death yaks
  39 dancing weapons
  2 death knights
  15 deep troll shamans
  3 satyrs
  4 hell hogs (Abyss:1)
  8 ogre magi
  2 orc high priests (Orc)
  9 tengu warriors
  6 shock serpents
  5 vampire magi
  4 thrashing horrors
  11 spriggan berserkers
  6 deep troll earth magi
  15 naga sharpshooters (Snake:3)
  Urug (Lair:5)
  2 storm dragon zombies
  2 soul eaters
  14 deep elf knights
  2 sun demons
  Sonja (D:11)
  18 deep trolls
  2 wretched stars
  27 skeletal warriors
  3 iron trolls
  8 hell knights
  A shadow wraith (Crypt:2)
  5 unseen horrors
  An entropy weaver zombie (Crypt:2)
  11 sea snakes
  A spatial maelstrom (Abyss:1)
  A spark wasp zombie (Crypt:1)
  A salamander mystic (Snake:2)
  A ghost moth zombie (Crypt:2)
  An infernal demonspawn (Depths:3)
  2 flayed ghosts
  5 naga ritualists
  3 glowing orange brains
  2 torturous demonspawn
  A lindwurm (Lair:6)
  8 large abominations
  3 wizards
  10 phantasmal warriors
  21 deep elf archers
  20 ironbrand convokers
  3 necromancers
  3 cyclopes
  5 orc knights (Orc)
  A swamp dragon (shapeshifter) (Depths:3)
  A stone giant zombie (Depths:1)
  Pikel (D:8)
  8 mana vipers
  An oklob plant (Shoals:1)
  11 harpies
  The ghost of SirMumm the Conjurer, a novice GrWz of Okawaru (D:6)
  60 deep elf magi
  A glowing shapeshifter (D:12)
  40 ugly things
  2 sphinx skeletons (Vaults:2)
  A frost giant zombie (Depths:1)
  15 manticores
  3 tengu skeletons
  17 fauns
  9 salamanders
  4 orc sorcerers
  A worldbinder (Abyss:1)
  2 stone giant skeletons (Vaults:2)
  12 elephants
  2 frost giant skeletons
  9 merfolk sirens
  22 black mambas
  An apocalypse crab (Abyss:1)
  4 guardian serpents
  A guardian serpent (shapeshifter) (Depths:2)
  7 cane toads
  6 vault sentinels
  28 naga magi
  A torpor snail (shapeshifter) (Depths:2)
  6 water nymphs
  An orange demon (Depths:3)
  A torpor snail (Lair:5)
  3 smoke demons
  2 rime drakes
  42 yaktaurs
  An efreet (D:9)
  2 tengu conjurers
  6 komodo dragons
  6 freezing wraiths
  A yaktaur (shapeshifter) (Depths:1)
  An ice devil (Abyss:1)
  2 yaktaur skeletons (Vaults:2)
  2 queen bees (shapeshifter)
  3 guardian mummies (Crypt:2)
  A red devil (Abyss:2)
  A sea snake zombie (Crypt:2)
  A hellwing (Abyss:2)
  6 trolls
  A troll (shapeshifter) (Vaults:1)
  21 merfolk
  A hornet (shapeshifter) (Depths:2)
  2 polar bears
  2 polar bears (shapeshifter)
  4 hornets
  4 wind drakes
  4 raiju
  A shadow dragon simulacrum (Depths:1)
  14 slime creatures
  6 snapping turtles
  4 saltlings (Desolation)
  6 hippogriffs
  18 dream sheep
  9 blink frogs
  A moth of wrath zombie (Crypt:1)
  2 blink frogs (shapeshifter)
  A stone giant simulacrum (Vaults:2)
  An ice dragon zombie (Depths:1)
  2 ynoxinuls
  A flying skull (Crypt:2)
  3 shadows
  2 spriggans (shapeshifter)
  2 air elementals
  An ice dragon skeleton (Depths:1)
  3 spriggans
  A tarantella (shapeshifter) (Vaults:3)
  33 yaks
  2 wraiths (Crypt:1)
  A hog (shapeshifter) (Vaults:2)
  21 water elementals
  5 wyverns
  3 fire elementals
  6 basilisks
  A chaos spawn (Depths:2)
  A neqoxec (Abyss:2)
  2 wargs (Orc)
  Menkaure (Ossuary)
  A yaktaur simulacrum (Vaults:3)
  A spatial vortex (Abyss:1)
  An acid dragon (Lair:6)
  An insubstantial wisp (Abyss:2)
  40 nagas
  14 crocodiles
  8 water moccasins
  2 hornet zombies (D:12)
  9 porcupines
  3 hell hounds
  18 orc warriors
  4 black bears
  3 slaves (D:8)
  4 eyes of draining
  4 sky beasts
  4 ice beasts
  3 phantoms
  6 starcursed masses (Abyss:2)
  3 necrophages (Crypt:1)
  A snapping turtle zombie (Crypt:1)
  An ogre (shapeshifter) (Vaults:2)
  5 boggarts
  30 ogres
  5 human skeletons (Vaults:2)
  14 wolves
  27 centaurs
  A swamp dragon skeleton (Abyss:1)
  A lindwurm skeleton (Crypt:1)
  14 bullfrogs
  A bullfrog (shapeshifter) (Depths:2)
  Blork the orc (Orc)
  4 big kobolds
  2 earth elementals
  A rime drake skeleton (Crypt:1)
  A glowing shapeshifter simulacrum (Vaults:2)
  A hippogriff skeleton (Crypt:2)
  A raiju zombie (Crypt:2)
  7 scorpions
  A spriggan zombie (Crypt:1)
  6 killer bees (D:7)
  A spriggan skeleton (Crypt:1)
  8 small abominations
  4 electric eels
  8 howler monkeys
  22 wights
  4 crimson imps
  3 centaur zombies
  20 orc priests
  A quasit (Abyss:1)
  5 hounds
  A jelly (D:6)
  23 orc wizards
  4 iron imps
  5 centaur skeletons
  Terence (D:2)
  4 iguanas
  A hell rat (D:8)
  7 worker ants
  A hound zombie (D:6)
  A hound skeleton (Crypt:2)
  9 mummies
  2 worker ant zombies
  Robin (D:2)
  A howler monkey skeleton (D:5)
  3 river rats
  13 adders
  2 shadow imps
  A white imp (Abyss:1)
  4 ufetubi
  2 adder zombies
  A lava snake zombie (Crypt:1)
  A lava snake skeleton (Crypt:2)
  3 worms
  2 dart slugs (D:3)
  4 leopard geckos
  84 orcs
  5 giant cockroaches
  3 gnoll zombies (Ossuary)
  12 goblins
  9 hobgoblins
  9 jackals
  7 quokkas
  7 ball pythons
  6 bats
  A dart slug zombie (Crypt:1)
  4 frilled lizards (D:3)
  2 gnoll skeletons (Ossuary)
  4 goblin skeletons (Ossuary)
  3 goblin zombies (Ossuary)
  2 hobgoblin skeletons (Ossuary)
  A hobgoblin zombie (Ossuary)
  4 kobolds
  2 kobold skeletons (Ossuary)
  8 kobold zombies (Ossuary)
  6 orc skeletons
  An orc zombie (Ossuary)
  A quokka skeleton (Crypt:1)
  A quokka zombie (D:5)
  11 rats
  3 rat skeletons (Ossuary)
  5 rat zombies (Ossuary)
  A spectral orc (D:5)
  3 starspawn tentacles (Abyss:1)
1951 creatures vanquished.

Vanquished Creatures (collateral kills)
  Asterion (Snake:1)
  A sphinx (Elf:2)
  A frost giant (Vaults:3)
  A vault warden (Vaults:3)
  An ironheart preserver (Vaults:3)
  A yaktaur captain (Vaults:3)
  A vault guard (Vaults:3)
  3 hydras (Elf:2)
  A skeletal warrior (Vaults:3)
  A deep troll (Vaults:3)
  An ironbrand convoker (Vaults:3)
  6 ugly things (Vaults:3)
  A yaktaur (Vaults:3)
  A wraith (Vaults:3)
  An orc warrior (Orc)
  A boggart (Vaults:3)
  An orc (Orc)
24 creatures vanquished.

Vanquished Creatures (others)
  An ancient lich (Crypt:2)
  A vault warden (Vaults:3)
  A stone giant (Depths:3)
  A very ugly thing (Depths:4)
  Nessos (Orc)
  An entropy weaver (shapeshifter) (Vaults:3)
  A yaktaur captain (Depths:4)
  2 hydras (Elf:2)
  A ragged hierophant (Desolation)
  A vault guard (Vaults:3)
  A merfolk avatar (Shoals:3)
  A merfolk aquamancer (Shoals:3)
  A centaur warrior (Vaults:1)
  A satyr (Shoals:3)
  A naga sharpshooter (Snake:3)
  2 ugly things (Vaults:3)
  A faun (Shoals:3)
  A naga mage (Snake:2)
  4 yaktaurs
  A merfolk (Shoals:3)
  A saltling (Desolation)
  A hornet (Depths:3)
  A spriggan (Depths:3)
  An orc warrior (Orc)
  A centaur (Vaults:1)
  A hound (D:8)
  3 orcs
  A gnoll zombie (Ossuary)
  2 goblin skeletons (Ossuary)
  A goblin zombie (Ossuary)
  A hobgoblin zombie (Ossuary)
  4 kobold skeletons (Ossuary)
  An orc skeleton (Ossuary)
  A rat zombie (Ossuary)
  7 fungi
  59 plants
  4 starspawn tentacles (Abyss:1)
115 creatures vanquished.

Grand Total: 2090 creatures vanquished

Notes
Turn   | Place    | Note
-------+----------+-------------------------------------------
     0 | D:1      | Quickbrownfox the Demonspawn Archaeologist began the quest
                  | for the Orb.
     0 | D:1      | Reached XP level 1. HP: 15/15 MP: 1/1
   284 | D:1      | Gained mutation: You have a pair of small horns on your
                  | head. [demonic ancestry]
   284 | D:1      | Reached XP level 2. HP: 20/21 MP: 2/2
   402 | D:1      | Reached skill level 1 in Maces & Flails
  1162 | D:2      | Gained mutation: You are partially covered in slimy green
                  | scales. (AC +2) [demonic ancestry]
  1162 | D:2      | Reached XP level 3. HP: 26/26 MP: 3/3
  1171 | D:2      | Noticed Terence
  1186 | D:2      | Killed Terence
  1186 | D:2      | Reached skill level 1 in Slings
  1353 | D:2      | Noticed Robin
  1364 | D:2      | Gained mutation: You are mostly covered in slimy green
                  | scales. (AC +3) [demonic ancestry]
  1364 | D:2      | Reached XP level 4. HP: 30/32 MP: 4/4
  1376 | D:2      | Killed Robin
  2189 | D:3      | Gained mutation: Potions are less effective at restoring
                  | your health. [potion of mutation]
  2189 | D:3      | Gained mutation: You possess an exceptional clarity of
                  | mind. [potion of mutation]
  2189 | D:3      | Gained mutation: Scrolls take you a little longer to read.
                  | [potion of mutation]
  2189 | D:3      | Gained mutation: You are robust. (+10% HP) [potion of
                  | mutation]
  2190 | D:3      | Lost mutation: You possess an exceptional clarity of mind.
                  | [potion of mutation]
  2190 | D:3      | Lost mutation: You are robust. (+10% HP) [potion of
                  | mutation]
  2190 | D:3      | Gained mutation: You are frail. (-10% HP) [potion of
                  | mutation]
  2190 | D:3      | Gained mutation: You have large cloven feet. [potion of
                  | mutation]
  2191 | D:3      | Lost mutation: Scrolls take you a little longer to read.
                  | [potion of mutation]
  2191 | D:3      | Lost mutation: You have large cloven feet. [potion of
                  | mutation]
  2191 | D:3      | Lost mutation: You are frail. (-10% HP) [potion of
                  | mutation]
  2191 | D:3      | Gained mutation: You evolve. [potion of mutation]
  2191 | D:3      | Gained mutation: Your system is resistant to poisons.
                  | (rPois) [potion of mutation]
  2192 | D:3      | Lost mutation: Potions are less effective at restoring your
                  | health. [potion of mutation]
  2192 | D:3      | Lost mutation: You evolve. [potion of mutation]
  2192 | D:3      | Gained mutation: Your flesh is heat resistant. (rF+)
                  | [potion of mutation]
  2192 | D:3      | Gained mutation: Your mind is acute. (Int +2) [potion of
                  | mutation]
  2542 | D:3      | Noticed a phantom
  2567 | D:3      | Killed a phantom
  2567 | D:3      | Reached skill level 2 in Fighting
  2567 | D:3      | Gained mutation: You are partially covered in sharp spines.
                  | [demonic ancestry]
  2567 | D:3      | Reached XP level 5. HP: 23/38 MP: 5/5
  2567 | D:3      | Identified a scroll of acquirement
  2568 | D:3      | Identified the ring "Gimmouci" {rPois Dex+2} (You acquired
                  | it on level 3 of the Dungeon)
  2569 | D:3      | Found the +3 sling "Punk" {acid, rCorr}
  3025 | D:4      | Noticed a sky beast
  3044 | D:4      | Killed a sky beast
  3044 | D:4      | Mutation became permanent: Your flesh is heat resistant.
                  | (rF+) [demonic ancestry]
  3044 | D:4      | Gained mutation: Your flesh is heat resistant. (rF+)
                  | [demonic ancestry]
  3044 | D:4      | Reached XP level 6. HP: 12/46 MP: 6/6
  3132 | D:4      | Found a sand-covered staircase.
  3137 | Ossuary  | Entered an ossuary
  3527 | Ossuary  | Noticed Menkaure
  3532 | Ossuary  | Killed Menkaure
  3540 | Ossuary  | Reached XP level 7. HP: 51/51 MP: 7/7
  3542 | Ossuary  | Reached skill level 3 in Fighting
  3696 | D:4      | Reached skill level 5 in Slings
  3716 | D:4      | Found a radiant altar of Vehumet.
  3720 | D:4      | Found an ornate altar of the Wu Jian Council.
  4014 | D:5      | Entered Level 5 of the Dungeon
  4318 | D:5      | Found an iron altar of Okawaru.
  4430 | D:5      | Found a basalt altar of Yredelemnul.
  4497 | D:5      | Found a staircase to the Ecumenical Temple.
  4506 | Temple   | Entered the Ecumenical Temple
  4513 | Temple   | Became a worshipper of Cheibriados the Contemplative
  4556 | D:6      | Gained mutation: You are immune to clouds of flame.
                  | [demonic ancestry]
  4556 | D:6      | Reached XP level 8. HP: 54/60 MP: 8/8
  4571 | D:6      | Reached skill level 4 in Fighting
  4614 | D:6      | Reached * piety under Cheibriados
  4628 | D:6      | Found a basalt altar of Yredelemnul.
  4684 | D:6      | Found a glowing drain.
  4722 | Sewer    | Entered a sewer
  4937 | Sewer    | Found a glowing silver altar of Zin.
  5135 | D:6      | Reached XP level 9. HP: 66/66 MP: 9/9
  5235 | D:6      | Found a runed translucent gate.
  5235 | D:6      | Noticed SirMumm's ghost (novice GrWz)
  5236 | D:6      | Identified the +0 plate armour of Ohaalik {rC- MR+++ Regen+
                  | Dex+2}
  5236 | D:6      | Found a runed translucent gate.
  5237 | D:6      | Found a roughly hewn altar of Beogh.
  5237 | D:6      | Found a runed translucent gate.
  5290 | D:7      | Got a jewelled leather armour
  5408 | D:7      | Reached ** piety under Cheibriados
  5408 | D:7      | Reached skill level 5 in Fighting
  5840 | D:7      | Found a hazy altar of Hepliaklqana.
  5992 | D:7      | Noticed an ogre mage
  5998 | D:7      | Killed an ogre mage
  5998 | D:7      | Reached skill level 10 in Slings
  6264 | D:7      | Learned a level 3 spell: Dazzling Spray
  6291 | D:8      | Noticed a two-headed ogre
  6302 | D:7      | Reached skill level 6 in Fighting
  6367 | D:8      | Reached skill level 1 in Spellcasting
  6375 | D:8      | Reached skill level 1 in Hexes
  6376 | D:8      | Noticed a troll
  6381 | D:8      | Killed a troll
  6385 | D:8      | Found a blossoming altar of Fedhas.
  6390 | D:8      | Noticed a troll
  6394 | D:8      | Killed a troll
  6394 | D:8      | Reached skill level 1 in Conjurations
  6394 | D:8      | Gained mutation: You have a pair of horns on your head.
                  | [demonic ancestry]
  6394 | D:8      | Reached XP level 10. HP: 76/76 MP: 12/12
  6399 | D:8      | Found a staircase to the Lair.
  6399 | D:8      | Noticed a death yak
  6408 | D:8      | Killed a death yak
  6411 | D:8      | Noticed a death yak
  6416 | D:8      | Noticed Pikel
  6420 | D:8      | Noticed a death yak
  6431 | D:8      | Killed a death yak
  6449 | D:8      | Killed Pikel
  6451 | D:8      | Killed a death yak
  6455 | D:8      | Reached *** piety under Cheibriados
  6666 | D:8      | Reached skill level 1 in Shields
  6690 | D:8      | Found a staircase to the Orcish Mines.
  6707 | D:8      | Identified the cursed +0 leather armour of Melancholy
                  | {Dex+4 Slay+2} (You found it on level 7 of the Dungeon)
  6748 | D:8      | Found a blossoming altar of Fedhas.
  6758 | D:8      | Reached **** piety under Cheibriados
  6768 | D:8      | Killed a two-headed ogre
  6768 | D:8      | Gained mutation: You have a pair of large horns on your
                  | head. [demonic ancestry]
  6768 | D:8      | Reached XP level 11. HP: 83/83 MP: 16/16
  6795 | D:8      | Learned a level 3 spell: Confuse
  6909 | D:8      | Noticed a three-headed hydra
  6935 | D:8      | Killed a three-headed hydra
  7264 | D:8      | Found a runed translucent door.
  7267 | D:8      | Reached skill level 1 in Armour
  7268 | D:8      | Noticed chipmonk's ghost (novice MiBe)
  7413 | D:9      | Reached ***** piety under Cheibriados
  7715 | D:9      | Reached skill level 7 in Fighting
  8028 | D:10     | Entered Level 10 of the Dungeon
  8065 | D:10     | Reached skill level 5 in Hexes
  8547 | Lair:1   | Entered Level 1 of the Lair of Beasts
  8547 | Lair:1   | Noticed a four-headed hydra
  8552 | Lair:1   | Killed a four-headed hydra
  8556 | Lair:1   | Reached XP level 12. HP: 80/91 MP: 19/19
  8745 | Lair:1   | Noticed a seven-headed hydra
  8750 | Lair:1   | Killed a seven-headed hydra
  8750 | Lair:1   | Reached skill level 5 in Spellcasting
  8840 | Lair:1   | Reached ****** piety under Cheibriados
  8889 | Lair:1   | Reached skill level 8 in Fighting
  9047 | Lair:1   | Reached skill level 5 in Conjurations
  9376 | Lair:1   | Found a transporter.
  9377 | Lair:1   | Found a bloodstained altar of Trog.
  9377 | Lair:1   | Identified the +6 trident "Cobal" {antimagic, +Rage rElec
                  | rN+ Int-3}
  9386 | Lair:1   | Identified the cursed +2 rapier of Impermanence {antimagic,
                  | rN+}
  9389 | Lair:1   | Noticed yrara's ghost (journeyman DsFi)
  9455 | Lair:1   | Found a transporter.
  9455 | Lair:1   | Identified the +5 spear of Sunlight {pierce, +Blink Str+5
                  | Int-4}
  9455 | Lair:1   | Identified the ring "Wabev" {rF+ rC- Int+5 SInv Stlth+}
  9593 | Lair:2   | Noticed a seven-headed hydra
  9601 | Lair:2   | Killed a seven-headed hydra
  9713 | Lair:2   | Found a staircase to the Snake Pit.
 10185 | Lair:3   | Noticed Rupert
 10195 | Lair:3   | Killed Rupert
 10195 | Lair:3   | Reached skill level 9 in Fighting
 10295 | Lair:3   | Noticed a five-headed hydra
 10301 | Lair:3   | Killed a five-headed hydra
 10308 | Lair:3   | Learned a level 5 spell: Metabolic Englaciation
 10374 | Lair:3   | Gained mutation: When hurt, damage is shared between your
                  | health and your magic reserves. [demonic ancestry]
 10374 | Lair:3   | Reached XP level 13. HP: 98/101 MP: 22/22
 10458 | Lair:3   | Reached skill level 1 in Ice Magic
 10830 | Lair:4   | Found a staircase to the Shoals.
 10919 | Lair:4   | Reached skill level 5 in Dodging
 11619 | Lair:5   | Noticed Urug
 11626 | Lair:5   | Killed Urug
 11626 | Lair:5   | Reached skill level 10 in Fighting
 11666 | Lair:5   | Identified the amulet of the Amoeba {Gourm rC++} (You
                  | acquired it on level 5 of the Lair of Beasts)
 12109 | Lair:5   | Got an ivory trident
 12296 | Lair:6   | Entered Level 6 of the Lair of Beasts
 12429 | Lair:6   | Reached skill level 11 in Fighting
 12607 | Lair:5   | Reached skill level 1 in Invocations
 12670 | Lair:6   | Upgraded the game from bcrawl-1.21.3-2-g9d8a61a446 to
                  | bcrawl-1.21.3-16-g7f46a08de7
 12702 | Lair:6   | Gained mutation: You can hurl hellfire. [demonic ancestry]
 12702 | Lair:6   | Reached XP level 14. HP: 113/113 MP: 23/23
 12712 | Lair:6   | Reached skill level 1 in Evocations
 12815 | Lair:6   | Found a viscous altar of Jiyva.
 12815 | Lair:6   | Found a staircase to the Slime Pits.
 13106 | Lair:6   | Identified the +12 trident of Keetaduh {protect, *Rage
                  | rF+++ rC++ Int+3} (You found it on level 5 of the Lair of
                  | Beasts)
 13199 | Lair:6   | Reached skill level 1 in Polearms
 13370 | Lair:6   | Reached skill level 5 in Stealth
 13791 | D:11     | Noticed Sonja
 13795 | D:11     | Killed Sonja
 14081 | D:11     | Reached skill level 12 in Fighting
 14140 | D:11     | Noticed Psyche
 14155 | D:11     | Killed Psyche
 14199 | D:11     | Found a gate to the Vaults.
 14278 | D:11     | Identified the cursed +2 hunting sling "Geurud" {flame,
                  | MR++ Dex+4}
 14372 | D:11     | Found Nuahaad's Weapon Emporium.
 14377 | D:11     | Found an opulent altar of Gozag.
 14497 | D:12     | Entered Level 12 of the Dungeon
 14866 | D:12     | Noticed Erolcha
 14874 | D:12     | Killed Erolcha
 14874 | D:12     | Reached XP level 15. HP: 122/122 MP: 24/24
 15213 | D:12     | Reached skill level 5 in Evocations
 15218 | D:12     | Found a staircase to the Depths.
 15577 | Shoals:1 | Entered Level 1 of the Shoals
 15858 | Shoals:1 | Reached skill level 13 in Fighting
 16096 | Shoals:1 | Learned a level 5 spell: Fireball
 16169 | Shoals:1 | Found a glowing silver altar of Zin.
 16445 | Shoals:1 | Reached skill level 5 in Polearms
 16536 | Shoals:2 | Found a runed translucent door.
 16537 | Shoals:2 | Found a shimmering altar of Xom.
 16537 | Shoals:2 | Noticed Wecaes's ghost (journeyman HOFE)
 16559 | Shoals:2 | Reached skill level 1 in Fire Magic
 16615 | Shoals:2 | Noticed Donald
 16627 | Shoals:2 | Killed Donald
 16705 | Shoals:2 | Reached skill level 15 in Slings
 17308 | Shoals:2 | Reached skill level 5 in Armour
 17494 | Shoals:3 | Entered Level 3 of the Shoals
 17610 | Shoals:3 | Reached XP level 16. HP: 132/132 MP: 25/25
 17894 | Shoals:3 | Reached skill level 5 in Shields
 17958 | Shoals:3 | Got a barnacled rune of Zot
 18053 | Shoals:3 | Reached skill level 14 in Fighting
 18131 | Shoals:3 | Identified the Handbook of Nocuous Moulding
 18422 | Shoals:3 | Identified the +7 glaive of Nuikh {pain, Str+7}
 18536 | Shoals:3 | Identified the cursed +1 trident of Theory {pierce, rC+
                  | rN++ Dex-4 SInv}
 18578 | Shoals:3 | Reached skill level 5 in Fire Magic
 18685 | Shoals:3 | Identified the +8 quarterstaff "Tuaj" {speed, rElec rC+
                  | MR-}
 18880 | Snake:1  | Entered Level 1 of the Snake Pit
 18953 | Snake:1  | Identified the ring "Tired" {Str+4 Dex+2 Slay+3 SInv} (You
                  | acquired it on level 1 of the Snake Pit)
 19042 | Snake:1  | Noticed Asterion
 19053 | Snake:1  | Killed Asterion
 19237 | Snake:1  | Found the +2 cloak of the Thief {+Fog Slay-2 SInv Stlth+}
 19342 | Snake:1  | Found Dooranuw's Magic Scroll Emporium.
 19342 | Snake:1  | Found Soone's Jewellery Shoppe.
 19346 | Snake:1  | Found Atonyg's Food Emporium.
 19350 | Snake:1  | Bought a scroll of blinking for 105 gold pieces
 19350 | Snake:1  | Bought a scroll of blinking for 105 gold pieces
 19350 | Snake:1  | Bought a scroll of magic mapping for 49 gold pieces
 19507 | Snake:2  | Found a large runed translucent door.
 19507 | Snake:2  | Found a large runed translucent door.
 19508 | Snake:2  | Noticed Siddir's ghost (journeyman MiBe)
 19527 | Snake:2  | Killed Siddir's ghost
 19826 | Snake:2  | Reached XP level 17. HP: 140/140 MP: 26/26
 19937 | Snake:2  | Noticed Aizul
 19964 | Snake:2  | Killed Aizul
 20762 | Snake:3  | Entered Level 3 of the Snake Pit
 21018 | Snake:3  | Reached skill level 15 in Fighting
 21156 | Snake:3  | Found Laymm's General Store.
 21167 | Snake:3  | Bought a potion of might for 40 gold pieces
 21301 | Snake:3  | Identified the cursed +0 medium shield of the King of the
                  | Hill {rN+ MR+ Regen+}
 21557 | Snake:3  | HP: 4/142 [naga sharpshooter/arrow (16)]
 21778 | Snake:3  | Reached skill level 5 in Invocations
 22026 | Snake:3  | Reached XP level 18. HP: 130/149 MP: 25/27
 22263 | Snake:3  | Got a serpentine rune of Zot
 22396 | Snake:3  | Reached skill level 1 in Summonings
 22396 | Snake:3  | Reached XP level 19. HP: 156/156 MP: 28/28
 22532 | Orc      | Entered the Orcish Mines
 22538 | Orc      | Found Huozu's Distillery.
 22539 | Orc      | Noticed Nessos
 22553 | Orc      | Killed Nessos
 22581 | Orc      | Bought a potion of might for 60 gold pieces
 22581 | Orc      | Bought a potion of curing for 45 gold pieces
 22581 | Orc      | Bought a potion of heal wounds for 75 gold pieces
 22638 | Orc      | Found Wuadilae's Weapon Shoppe.
 22697 | Orc      | Noticed Blork the orc
 22705 | Orc      | Killed Blork the orc
 22797 | Orc      | Found a roughly hewn altar of Beogh.
 22818 | Orc      | Found Zirph's Antique Armour Emporium.
 22830 | Orc      | Found Ywkaraus's Jewellery Emporium.
 22834 | Orc      | Found Faasyv's General Store.
 22846 | Orc      | Bought 2 potions of curing for 84 gold pieces
 22878 | Orc      | Bought an embroidered cloak for 225 gold pieces
 22945 | Orc      | Found Fukha's Magic Scroll Boutique.
 22946 | Orc      | Found a staircase to the Elven Halls.
 22952 | Orc      | Bought a scroll of enchant armour for 97 gold pieces
 22952 | Orc      | Bought a scroll of enchant armour for 97 gold pieces
 22952 | Orc      | Bought a scroll of blinking for 97 gold pieces
 23063 | Orc      | Noticed Saint Roka
 23278 | Orc      | Found Zaul's Antique Weapon Emporium.
 23315 | Orc      | Found Oloteu's Jewellery Shoppe.
 23379 | Orc      | Killed Saint Roka
 23489 | Orc      | Found Zeufaryak's Food Shop.
 23580 | Vaults:1 | Entered Level 1 of the Vaults
 23643 | Vaults:1 | Reached skill level 16 in Fighting
 23725 | Vaults:1 | Identified the cursed +0 rapier of Wobbaen {freeze, Int+5}
 23751 | Vaults:1 | Identified the ring of Lucidity {rF++ EV+3} (You acquired
                  | it on level 1 of the Vaults)
 23751 | Vaults:1 | Identified the Papyrus of Combat Magic (You acquired it on
                  | level 1 of the Vaults)
 24051 | Vaults:1 | Cast into level 1 of the Abyss (a deep elf demonologist)
 24393 | Abyss:1  | Identified the +1 leather armour of Mahut {+Inv rElec rF-
                  | Slay+4}
 24584 | Abyss:1  | Identified the +4 chain mail of the Saviour {Int+6 Dex+2}
 25144 | Abyss:2  | Paralysed by accursed screaming for 1 turns
 25151 | Abyss:2  | Paralysed by accursed screaming for 2 turns
 25154 | Abyss:2  | Paralysed by accursed screaming for 2 turns
 25163 | Abyss:2  | Paralysed by accursed screaming for 2 turns
 25172 | Abyss:2  | Paralysed by accursed screaming for 1 turns
 25456 | Abyss:2  | Found a corrupted altar of Lugonu.
 25696 | Vaults:1 | Escaped the Abyss
 25903 | Vaults:1 | Reached XP level 20. HP: 167/167 MP: 30/30
 25920 | Vaults:1 | Reached skill level 17 in Fighting
 26612 | Vaults:2 | HP: 2/168 [vault warden/+0 great mace (39)]
 26750 | Vaults:2 | Found Bigrecs's Book Shoppe.
 27689 | Vaults:2 | Found a staircase to the Crypt.
 28226 | Elf:1    | Entered Level 1 of the Elven Halls
 28410 | Elf:1    | Found a ruined gateway.
 28424 | Desolati | Entered the Desolation of Salt
 29413 | Elf:1    | Gained mutation: You regenerate magic rapidly. [demonic
                  | ancestry]
 29413 | Elf:1    | Reached XP level 21. HP: 176/176 MP: 31/31
 29768 | Elf:2    | Reached skill level 18 in Fighting
 29801 | Elf:2    | Found a huge runed gate.
 29801 | Elf:2    | Found a huge runed gate.
 29801 | Elf:2    | Found a huge runed gate.
 29802 | Elf:2    | Found a huge runed gate.
 29803 | Elf:2    | Found a huge runed gate.
 30082 | Elf:2    | Found a portal to a secret trove of treasure.
 30512 | Elf:2    | Reached skill level 10 in Shields
 30806 | Elf:3    | Entered Level 3 of the Elven Halls
 31394 | Elf:3    | Identified the ring "Qeulua" {+Fly rElec Int+3}
 31431 | Elf:3    | Identified the +2 hand axe "Kyqeo" {freeze, Fragile MR-
                  | Int+8 Dex+2}
 31460 | Elf:3    | Reached skill level 10 in Evocations
 31665 | Elf:3    | Identified the Collected Works on Unstable Poison
 31687 | Elf:3    | Found the ring of the Octopus King
 31707 | Elf:3    | Identified a ring of the Octopus King {Wiz AC+1 EV+1 Str+1
                  | Int+1 Dex+1}
 31743 | Elf:3    | Learned a level 5 spell: Bolt of Magma
 31834 | Elf:3    | Identified the +10 great mace "Gram" {pain, rElec Int-3
                  | Stlth+}
 32037 | Elf:3    | Lost mutation: Your system is resistant to poisons. (rPois)
                  | [potion of mutation]
 32037 | Elf:3    | Lost mutation: Your mind is acute. (Int +2) [potion of
                  | mutation]
 32037 | Elf:3    | Gained mutation: Scrolls take you a little longer to read.
                  | [potion of mutation]
 32037 | Elf:3    | Gained mutation: You are resistant to hostile enchantments.
                  | (MR+) [potion of mutation]
 32038 | Elf:3    | Lost mutation: You are resistant to hostile enchantments.
                  | (MR+) [potion of mutation]
 32038 | Elf:3    | Lost mutation: Scrolls take you a little longer to read.
                  | [potion of mutation]
 32038 | Elf:3    | Gained mutation: You do not regenerate when monsters are
                  | visible. [potion of mutation]
 32038 | Elf:3    | Gained mutation: You are resistant to electric shocks.
                  | (rElec) [potion of mutation]
 32039 | Elf:3    | Lost mutation: You do not regenerate when monsters are
                  | visible. [potion of mutation]
 32039 | Elf:3    | Lost mutation: You are resistant to electric shocks.
                  | (rElec) [potion of mutation]
 32039 | Elf:3    | Gained mutation: Your flesh is cold resistant. (rC+)
                  | [potion of mutation]
 32039 | Elf:3    | Gained mutation: You can translocate small distances at
                  | will. [potion of mutation]
 32039 | Elf:3    | Gained mutation: You possess an exceptional clarity of
                  | mind. [potion of mutation]
 32039 | Elf:3    | Gained mutation: Your flesh is very cold resistant. (rC++)
                  | [potion of mutation]
 32353 | Crypt:1  | Entered Level 1 of the Crypt
 32432 | Crypt:1  | Gained mutation: When low on magic, you restore magic in
                  | place of health. [demonic ancestry]
 32432 | Crypt:1  | Reached XP level 22. HP: 186/186 MP: 34/34
 32795 | Crypt:1  | Noticed Mennas
 32817 | Crypt:1  | Killed Mennas
 32817 | Crypt:1  | Reached skill level 10 in Fire Magic
 33120 | Crypt:2  | Entered Level 2 of the Crypt
 33561 | D:8      | Killed chipmonk's ghost
 33680 | D:6      | Killed SirMumm's ghost
 34249 | Crypt:2  | Found a staircase to the Tomb.
 34405 | Crypt:2  | Reached skill level 19 in Fighting
 34478 | Crypt:2  | Noticed an ancient lich
 34478 | Crypt:2  | Noticed an ancient lich
 34485 | Crypt:2  | Noticed an ancient lich
 34485 | Crypt:2  | Noticed an ancient lich
 34490 | Crypt:2  | Learned a level 1 spell: Apportation
 34496 | Crypt:2  | Identified the Catalogue of Icy Summoning
 34553 | Crypt:2  | Identified the +4 chain mail of Mucayk {*Corrode rF+ Str+3
                  | Dex-4}
 34581 | Crypt:2  | Paralysed by a vampire knight for 3 turns
 34870 | Crypt:2  | Found a basalt altar of Yredelemnul.
 35012 | Crypt:2  | Identified the +3 chain mail "Weriecre" {Str+2}
 35030 | Crypt:2  | Identified the ring "Muelevvi" {*Drain +Fly Str+2 Dex+3
                  | Slay+4}
 35036 | Crypt:2  | Killed an ancient lich
 35149 | Crypt:2  | Killed an ancient lich
 35149 | Crypt:2  | Reached skill level 1 in Translocations
 35227 | Crypt:2  | Killed an ancient lich
 35237 | Crypt:2  | Killed an ancient lich
 35340 | Crypt:2  | Identified the Catalogue of Captivating Black Arts
 35977 | Vaults:3 | Entered Level 3 of the Vaults
 36021 | Vaults:3 | Identified the ring "Arphuzxasch" {MR+ Int+2}
 36033 | Vaults:3 | Identified the ring "Zubymm" {rElec rPois MR+ Int-4 SInv}
 36093 | Vaults:3 | Got a silver rune of Zot
 36107 | Vaults:3 | Identified the cursed +1 ring mail "Jitif" {Regen+ Int+2
                  | Dex-2}
 36234 | Vaults:3 | Identified the +6 hand crossbow of Risk Management {flame,
                  | rC- Int+3 Dex+6}
 36250 | Vaults:3 | Noticed a golden dragon
 36251 | Vaults:3 | Reached XP level 23. HP: 157/194 MP: 24/36
 36266 | Vaults:3 | Killed a golden dragon
 36266 | Vaults:3 | Reached skill level 10 in Dodging
 36347 | Vaults:3 | Reached skill level 10 in Polearms
 36574 | Vaults:3 | Identified the ring "Nank" {*Contam rElec rPois rN+ Str+3}
 36637 | Vaults:3 | Identified the ring "Anafuer" {+Fly rElec MR- Dex+3}
 37186 | Vaults:3 | Identified the Incunabulum of Supportive Arcane Weapons
 37385 | Vaults:3 | Identified Xorij's Guide on Unstable Bewitchment
 37971 | Depths:1 | Entered Level 1 of the Depths
 38048 | Depths:1 | Noticed Sojobo
 38071 | Depths:1 | Killed Sojobo
 38071 | Depths:1 | Gained mutation: You are mostly covered in sharp spines.
                  | [demonic ancestry]
 38071 | Depths:1 | Reached XP level 24. HP: 170/203 MP: 30/36
 38116 | Depths:1 | Noticed Frederick
 38135 | Depths:1 | Noticed Mara
 38138 | Depths:1 | Killed Frederick
 38154 | Depths:1 | Noticed Quickbrownfox's illusion
 38168 | Depths:1 | HP: 9/203 [Quickbrownfox's illusion (illusionary)[Mara]
                  | (1)]
 38171 | Depths:1 | Killed Mara
 38171 | Depths:1 | Reached skill level 20 in Fighting
 38341 | Depths:1 | Identified the +1 hunting sling of Destiny {venom, rN+}
                  | (You acquired it on level 1 of the Depths)
 38496 | Orc      | Bought the +7 sceptre of Torment {pain, torment} for 4200
                  | gold pieces
 38496 | Orc      | Found the +7 sceptre of Torment {pain, torment}
 38822 | Depths:1 | Found a gateway to Hell.
 39295 | Depths:1 | Found a one-way gate leading to the halls of Pandemonium.
 39648 | Depths:2 | Reached skill level 5 in Maces & Flails
 39892 | Depths:2 | Noticed Bai Suzhen
 39916 | Depths:2 | Killed Bai Suzhen
 40540 | Orc      | Bought 284 sling bullets for 397 gold pieces
 40824 | Depths:2 | Identified the cursed +0 leather armour of Tender Moments
                  | {Regen+}
 41062 | Depths:2 | Learned a level 3 spell: Regeneration
 41165 | Depths:2 | Noticed a Killer Klown
 41175 | Depths:2 | Killed a Killer Klown
 41175 | Depths:2 | Reached skill level 1 in Necromancy
 41334 | Depths:2 | Gained mutation: You are completely covered in slimy green
                  | scales. (AC +4, rPois) [demonic ancestry]
 41334 | Depths:2 | Reached XP level 25. HP: 192/212 MP: 35/36
 41355 | Depths:2 | Found a runed translucent gate.
 41355 | Depths:2 | Found a runed translucent gate.
 41355 | Depths:2 | Found a runed translucent gate.
 42014 | Depths:3 | Noticed a Killer Klown
 42034 | Depths:3 | Killed a Killer Klown
 42374 | Depths:3 | Found a shimmering altar of Xom.
 42421 | Depths:3 | Noticed a Killer Klown
 42428 | Depths:3 | Found a transporter.
 42428 | Depths:3 | Found a transporter.
 42428 | Depths:3 | Noticed Aqoyvva's ghost (veteran MiBe)
 42740 | Depths:3 | Reached skill level 5 in Necromancy
 42930 | Depths:4 | Found a runed door.
 42946 | Depths:4 | Found a runed door.
 42947 | Depths:4 | Found a runed door.
 42954 | Depths:4 | Found a runed door.
 42962 | Depths:4 | Noticed a juggernaut
 42972 | Depths:4 | Killed a juggernaut
 42977 | Depths:4 | Noticed an ancient lich
 42981 | Depths:4 | Killed an ancient lich
 43028 | Depths:4 | Identified the cursed +2 falchion "Isseopn" {vamp, rN+}
 43524 | Depths:4 | Reached skill level 21 in Fighting
 43617 | Depths:4 | Noticed a golden dragon
 43625 | Depths:4 | Gained mutation: You are completely covered in sharp
                  | spines. [demonic ancestry]
 43625 | Depths:4 | Reached XP level 26. HP: 46/222 MP: 8/36
 43636 | Depths:4 | Killed a golden dragon
 43930 | Depths:4 | Noticed Louise
 43944 | Depths:4 | Killed Louise
 43949 | Depths:4 | Noticed a golden dragon
 43963 | Depths:4 | Killed a golden dragon
 43967 | Depths:4 | Found a one-way gate to the infinite horrors of the Abyss.
 44187 | Depths:4 | Reached skill level 10 in Invocations
 44397 | Depths:5 | Entered Level 5 of the Depths
 44428 | Depths:5 | Noticed a juggernaut
 44449 | Depths:4 | HP: 2/222 [juggernaut (33)]
 44449 | Depths:4 | Mangled by a juggernaut

Skill      XL: |  1  2  3  4  5  6  7  8  9 10 11 12 13 14 15 16 17 18 19 20 21 22 23 24 25 26 |
---------------+-------------------------------------------------------------------------------+-----
Maces & Flails | 1 2 5 6 |  6.9
Dodging        | 3 4 5 6 7 8 9 10 11 | 11.3
Slings         | 1 3 4 6 9 10 11 12 13 14 15 16 17 18 19 | 19.4
Fighting       | 2 3 4 6 7 9 11 12 13 14 15 16 17 18 19 20 21 | 21.2
Spellcasting   | 1 3 4 6 7 8 9 |  9.6
Hexes          | 1 3 5 7 |  7.4
Conjurations   | 1 3 4 6 7 |  7.2
Shields        | 1 2 3 4 6 7 8 9 10 11 13 14 | 14.5
Stealth        | 4 5 6 7 |  7.1
Armour         | 2 3 4 5 6 7 9 |  9.3
Ice Magic      | 4 |  4.3
Invocations    | 1 2 3 4 5 6 7 9 10 | 10.1
Evocations     | 4 6 8 10 11 12 | 12.9
Polearms       | 3 5 6 7 8 9 11 12 13 | 13.0
Fire Magic     | 3 6 8 9 10 | 10.2
Summonings     | 1 |  1.0
Translocations | 1 |  1.8
Necromancy     | 1 6 |  6.4
Short Blades   | |  0.2
Throwing       | |  0.7
Charms         | |  0.6
Earth Magic    | |  0.9

Action                   |  1- 3 |  4- 6 |  7- 9 | 10-12 | 13-15 | 16-18 | 19-21 | 22-24 | 25-27 || total
-------------------------+-------+-------+-------+-------+-------+-------+-------+-------+-------++-------
Melee: Mace              |    63 |    14 |       |       |       |       |       |       |       ||    77
       Whip              |     2 |       |       |    46 |       |       |       |       |       ||    48
       Headbutt          |     6 |     3 |       |    14 |    21 |    38 |    70 |   264 |   123 ||   539
       Dagger            |       |     9 |       |       |       |       |       |       |       ||     9
       Trident           |       |       |       |       |    69 |    96 |   235 |   581 |   268 ||  1249
       Eveningstar       |       |       |       |       |       |       |       |    62 |    49 ||   111
 Fire: Hunting sling     |    33 |   165 |   228 |   525 |  1055 |   867 |  1595 |   930 |   170 ||  5568
Throw: Stone             |       |       |       |     4 |     1 |       |       |       |       ||     5
 Cast: Dazzling Spray    |       |       |       |     6 |     2 |     5 |       |       |       ||    13
       Confuse           |       |       |       |       |     2 |       |       |       |       ||     2
       Fireball          |       |       |       |       |       |     6 |    13 |    11 |     5 ||    35
       Metabolic Englaci |       |       |       |       |       |     1 |       |       |       ||     1
       Bolt of Magma     |       |       |       |       |       |       |       |    16 |     2 ||    18
       Apportation       |       |       |       |       |       |       |       |     9 |       ||     9
       Regeneration      |       |       |       |       |       |       |       |       |     2 ||     2
Invok: Bend Time         |       |       |       |     1 |       |       |       |       |       ||     1
       Slouch            |       |       |       |       |     5 |     8 |     4 |    11 |    15 ||    43
 Abil: Evoke Invisibilit |       |       |       |       |       |       |     1 |       |       ||     1
       Blink             |       |       |       |       |       |       |       |     2 |       ||     2
Evoke: Wand              |       |       |     1 |     2 |     6 |     5 |     7 |    23 |    15 ||    59
       Phial of floods   |       |       |       |       |       |       |     2 |       |       ||     2
       Box of beasts     |       |       |       |       |       |       |       |     6 |       ||     6
       Lamp of fire      |       |       |       |       |       |       |       |     3 |     2 ||     5
       Phantom mirror    |       |       |       |       |       |       |       |     1 |       ||     1
       Lightning rod     |       |       |       |       |       |       |       |     1 |       ||     1
  Use: Potion            |     1 |     5 |     3 |     2 |     5 |     5 |     9 |    23 |     3 ||    56
       Scroll            |       |     5 |     9 |    11 |    23 |     7 |    21 |     8 |     3 ||    87
 Stab: Sleeping          |     2 |       |       |       |       |       |     5 |     2 |       ||     9
       Distracted        |     1 |       |       |     1 |     2 |     1 |     2 |     5 |       ||    12
  Eat: Chunk             |     1 |     6 |     7 |     6 |    10 |     4 |    11 |     6 |     7 ||    58
       Ration            |       |       |       |       |     1 |     2 |     2 |     5 |       ||    10
Armor: Robe              |    36 |    26 |    12 |     3 |       |       |       |       |       ||    77
       Skin              |       |       |       |     2 |       |       |       |       |       ||     2
       Leather armour    |       |       |       |    25 |    88 |    57 |    78 |   150 |       ||   398
       Plate armour      |       |       |       |       |       |       |       |    38 |   143 ||   181
Dodge: Dodged            |    62 |    35 |    27 |    84 |   218 |   183 |   313 |   640 |   299 ||  1861
Block: Buckler           |       |     2 |     4 |    41 |    90 |       |       |       |       ||   137
       Medium shield     |       |       |       |       |    22 |   206 |   420 |   697 |   383 ||  1728
       Reflection        |       |       |       |       |     4 |    59 |    36 |     6 |    23 ||   128
